 Dungeon Crawl Stone Soup version 0.19.1-1-g22dce08 (webtiles) character file.

277 M4edhros the Charlatan (level 6, -4/38 HPs)
             Began as an Octopode Artificer on Jan 1, 2017.
             Slain by M4edhros's ghost (16 damage)
             ... on level 3 of the Dungeon.
             The game lasted 00:01:43 (867 turns).

M4edhros the Charlatan (Octopode Artificer)          Turns: 867, Time: 00:01:43

Health: -4/38      AC:  1    Str: 11    XL:     6   Next: 25%
Magic:  11/11      EV: 13    Int: 14    God:
Gold:   20         SH:  0    Dex: 14    Spells: 0 memorised, 5 levels left

rFire  . . .     SeeInvis .     a - +0 short sword
rCold  . . .     Gourm    .     (no shield)
rNeg   . . .     Faith    .     (helmet restricted)
rPois  .         Spirit   .     (no amulet)
rElec  .         Reflect  .     (no ring)
rCorr  .         Harm     .     (no ring)
MR     .....                    (no ring)
Stlth  +++.......               (no ring)
                                (no ring)
                                (no ring)
                                (no ring)
                                (no ring)

@: no status effects
A: almost no armour, stealthy swim, amphibious, 8 rings, constrict 8, camouflage
1, gelatinous body 1
a: no special abilities


You were on level 3 of the Dungeon.
You were not hungry.

You visited 1 branch of the dungeon, and saw 3 of its levels.

You collected 20 gold pieces.

Inventory:

Hand Weapons
 a - a +0 short sword (weapon)
Wands
 b - a wand of flame (7/48)
 c - a wand of enslavement (15/24)
 d - a wand of random effects (6/48)
Scrolls
 e - a scroll of recharging {unknown}
 h - a scroll of blinking {unknown}
 j - 2 scrolls of remove curse {unknown}
Potions
 g - a potion of invisibility {unknown}
 l - 2 potions of heal wounds {unknown}
Comestibles
 f - a bread ration
 k - a beef jerky


   Skills:
 - Level 1.0 Fighting
 - Level 1.0 Short Blades
 - Level 2.0 Dodging
 - Level 1.3 Stealth
 + Level 7.5 Evocations


You had 5 spell levels left.
You didn't know any spells.

Dungeon Overview and Level Annotations

Branches:
Dungeon (3/15)

Altars:
Cheibriados
Nemelex Xobeh

Annotations:
D:3 M4edhros's ghost, amateur OpAr


Innate Abilities, Weirdness & Mutations

You cannot wear most types of armour.
You are very stealthy in the water. (Stealth+)
You are amphibious.
You can wear up to eight rings at the same time.
You can use your tentacles to constrict eight enemies at once.
Your skin changes colour to match your surroundings (Stealth+).
Your rubbery body absorbs attacks. (AC +1, EV +1)


Message History

The puff of flame hits M4edhros's ghost.
M4edhros's ghost resists.
M4edhros's ghost is lightly damaged.
This wand has 7 charges left.
Evoke which item? (* to show all) (? for menu, Esc to quit)
Zapping:
d - a wand of random effects (7/48)
Press: ? - help, Shift-Dir - straight line, f/p - M4edhros's ghost
Aim: M4edhros's ghost, wielding a weapon of protection (lightly damaged) M4edhros's ghost flickers and vanishes!
Deactivating autopickup; reactivate with Ctrl-A.
This wand has 6 charges left.
Something hits you! Something hits you!
* * * LOW HITPOINT WARNING * * *
Something barely misses you. Something hits you but does no damage.
Found 12 gold pieces.
There is a stone staircase leading up here.
Something hits you!
You die...

#...#...#...#..#.###≈≈..##
#...#...#....#.##≈≈...###
.#...#...#....#≈≈.......
..#...#..#.###≈≈....#.#
#...#..###.# #§≈....#.#
$#..#####.####≈≈......
.#..........##≈≈.....
##.......#.#####....
#..@.....#.# #.#..
#.#.#.....#.## #.### .
#.##......... ..# #.
######.####### #. .# #. .#
#. ##


There were no monsters in sight!

Vanquished Creatures
  Sigmund (D:3)
  Ijyb (D:2)
  6 gnolls
  An adder (D:3)
  A dart slug (D:3)
  An orc (D:3)
  3 ball pythons
  2 giant cockroaches (D:1)
  5 goblins
  6 hobgoblins
  2 bats
  5 frilled lizards
  4 rats
38 creatures vanquished.

Notes
Turn   | Place    | Note
-------+----------+-------------------------------------------
     0 | D:1      | M4edhros the Octopode Artificer began the quest for the Orb.
     0 | D:1      | Reached XP level 1. HP: 13/13 MP: 3/3
    18 | D:1      | Reached skill level 4 in Evocations
    18 | D:1      | Reached XP level 2. HP: 18/18 MP: 5/5
   120 | D:2      | Found a sparkling altar of Nemelex Xobeh.
   153 | D:2      | Noticed Ijyb
   163 | D:2      | Reached XP level 3. HP: 12/23 MP: 6/6
   168 | D:2      | Reached skill level 5 in Evocations
   171 | D:2      | Killed Ijyb
   171 | D:2      | Reached XP level 4. HP: 9/28 MP: 6/8
   717 | D:3      | Noticed Sigmund
   771 | D:3      | Found a snail-covered altar of Cheibriados.
   777 | D:3      | Reached skill level 6 in Evocations
   782 | D:3      | Reached XP level 5. HP: 15/33 MP: 9/9
   840 | D:3      | Noticed M4edhros's ghost (amateur OpAr)
   843 | D:3      | Killed Sigmund
   843 | D:3      | Reached skill level 7 in Evocations
   843 | D:3      | Reached XP level 6. HP: 25/38 MP: 9/11
   867 | D:3      | Slain by M4edhros's ghost

Skill      XL: |  1  2  3  4  5 |
---------------+----------------+-----
Evocations     | 4 5 6 7 |  7.5
Fighting       | |  1.0
Short Blades   | |  1.0
Dodging        | |  2.0
Stealth        | |  1.3

Action                   |  1- 3 |  4- 6 || total
-------------------------+-------+-------++-------
Melee: Short sword       |    31 |    47 ||    78
       Tentacles         |     5 |     5 ||    10
       Constrict         |     6 |     9 ||    15
Evoke: Wand              |     4 |    13 ||    17
 Stab: Sleeping          |     2 |     4 ||     6
       Paralysed         |     5 |       ||     5
Armor: Skin              |     2 |     3 ||     5
Dodge: Dodged            |    20 |    23 ||    43
